 Dungeon Crawl Stone Soup version 0.23.2-40-g277498a001 (webtiles) character file.

Game seed: 2884626702775053465

392 Kaiomaar the Chopper (level 6, -5/56 HPs)
             Began as a Minotaur Berserker on Sept 27, 2019.
             Was a Priest of Trog.
             Slain by Edmund
             ... wielding a +4 flail of draining
              (7 damage)
             ... on level 4 of the Dungeon.
             The game lasted 00:14:05 (3387 turns).

Kaiomaar the Chopper (Minotaur Berserker)           Turns: 3387, Time: 00:14:05

Health: -5/56      AC:  5    Str: 24    XL:     6   Next: 51%
Magic:  5/5        EV: 10    Int:  4    God:    Trog [***...]
Gold:   172        SH:  0    Dex:  9    Spells: 5/5 levels left

rFire    . . .     SeeInvis .   a - +0 hand axe
rCold    . . .     Gourm    .   (no shield)
rNeg     . . .     Faith    .   A - +0 ring mail {rPois}
rPois    +         Spirit   .   (helmet restricted)
rElec    .         Reflect  .   (no cloak)
rCorr    .         Harm     .   (no gloves)
MR       .....                  (no boots)
Stlth    ..........             (no amulet)
HPRegen  0.18/turn              (no ring)
MPRegen  0.09/turn              (no ring)

@: very slightly contaminated, very heavily drained
A: retaliatory headbutt, horns 2
a: Berserk, Trog's Hand, Renounce Religion


You were on level 4 of the Dungeon.
You worshipped Trog.
Trog was most pleased with you.
You were not hungry.

You visited 1 branch of the dungeon, and saw 4 of its levels.

You collected 172 gold pieces.

Inventory:

Hand Weapons
 a - a +0 hand axe (weapon)
 l - a +0 dagger
 m - a +0 flail
 s - a +0 quarterstaff
 u - a +0 whip
 v - a +0 hand axe
 x - a +6 scythe of slicing
 C - a +0 hand axe
Armour
 b - a +0 animal skin
 e - a +0 scale mail
 i - a +0 robe
 n - a +0 chain mail
 p - a +0 ring mail
 t - a +0 ring mail
 y - a +0 robe
 z - a +0 ring mail
 A - a +0 ring mail of poison resistance (worn)
Scrolls
 d - 2 scrolls of identify
 o - a scroll of remove curse {unknown}
 r - a scroll of fear {unknown}
Potions
 f - a potion of flight {unknown}
 g - a potion of heal wounds {unknown}
 j - a potion of agility {unknown}
 q - 2 potions of might {unknown}
 w - a potion of magic {unknown}
Comestibles
 c - 7 rations
 B - 4 chunks of flesh


   Skills:
 + Level 5.1(1.7) Fighting
 + Level 6.5(2.9) Axes
 * Level 4.1(0.7) Armour
 + Level 3.2(0.0) Dodging
 + Level 1.2(0.0) Stealth


You had 5 spell levels left.
You didn't know any spells.
Your spell library was empty.

Dungeon Overview and Level Annotations

Branches:
Dungeon (4/15)
 Temple: D:4-7

Altars:
Ashenzari
Ru

Shops:
D:4 }}=

Annotations:
D:4 Edmund


Innate Abilities, Weirdness & Mutations

You reflexively headbutt those who attack you in melee.
You have a pair of horns on your head.


Message History

Edmund barely misses you. You furiously retaliate!
You headbutt Edmund! You hit Edmund.
Edmund is severely wounded.
Edmund misses you.
You see here 16 arrows.
You barely miss Edmund. Your headbutt misses Edmund.
Edmund is severely wounded.
Edmund hits you with a +4 flail of draining.
* * * LOW HITPOINT WARNING * * *
You feel drained.
You feel better.
Edmund hits you with a +4 flail of draining.
* * * LOW HITPOINT WARNING * * *
You feel drained.
* * * LOW HITPOINT WARNING * * *
You closely miss the orc. You barely miss Edmund.
The orc hits you with a +0 hand axe.
* * * LOW HITPOINT WARNING * * *
Edmund hits you with a +4 flail of draining!
You die...

.####........∩.........#
.# #..#+#......####......
..##..+∩'......###.......
......#'#...........(....
##..........####.## ...
###.)...........# ..
#..####.....#### (### #.#
#......##### ..# ...
...>##..@....# #.# .###
#.##.....o@.### #$# # ..
#
#..####...#######.#####.
# #.## ###..(.†....l.....
.. #####..####.........
###...................
.....?....?..#........
###..$.......#........
.?...........#o.......


You could see Edmund and an orc.

Vanquished Creatures
  Sigmund (D:3)
  A hound (D:4)
  An iguana (D:4)
  Terence (D:2)
  An orc wizard (D:3)
  3 adders
  An ooze (D:1)
  5 worms
  2 dart slugs (D:1)
  A leopard gecko (D:2)
  8 orcs (D:3)
  2 ball pythons
  7 bats
  3 giant cockroaches
  6 goblins
  4 hobgoblins
  2 jackals (D:4)
  2 frilled lizards
  A jackal skeleton (D:4)
  16 kobolds
  6 rats
74 creatures vanquished.

Notes
Turn   | Place    | Note
-------+----------+-------------------------------------------
     0 | D:1      | Kaiomaar the Minotaur Berserker began the quest for the
                  | Orb.
     0 | D:1      | Reached XP level 1. HP: 19/19 MP: 0/0
   153 | D:1      | Reached XP level 2. HP: 20/27 MP: 1/1
   156 | D:1      | Reached skill level 4 in Axes
   963 | D:2      | Reached XP level 3. HP: 33/33 MP: 2/2
  1153 | D:2      | Reached ** piety under Trog
  1328 | D:2      | Noticed Terence
  1337 | D:2      | Killed Terence
  1337 | D:2      | Reached skill level 5 in Axes
  1337 | D:2      | Reached XP level 4. HP: 18/41 MP: 3/3
  2027 | D:3      | Reached XP level 5. HP: 33/47 MP: 4/4
  2044 | D:3      | Found a shattered altar of Ashenzari.
  2064 | D:3      | Noticed Sigmund
  2074 | D:3      | Killed Sigmund
  2074 | D:3      | Reached skill level 6 in Axes
  2074 | D:3      | Reached skill level 1 in Stealth
  2074 | D:3      | Reached XP level 6. HP: 21/55 MP: 5/5
  2649 | D:3      | Reached skill level 5 in Fighting
  2825 | D:3      | Found a sacrificial altar of Ru.
  3264 | D:4      | Found Ulokisury's Gadget Shoppe.
  3276 | D:4      | Found Irhol's Jewellery Shoppe.
  3290 | D:4      | Reached *** piety under Trog
  3309 | D:4      | Found Rukhloqa's Gadget Shoppe.
  3319 | D:4      | Noticed Edmund
  3384 | D:4      | HP: 2/56 [Edmund/+4 flail of draining (6)]
  3387 | D:4      | Slain by Edmund

Skill      XL: |  1  2  3  4  5  6 |
---------------+-------------------+-----
Axes           | 4 5 6 |  6.5
Fighting       | 4 5 |  5.1
Armour         | 3 4 |  4.1
Dodging        | 3 |  3.2
Stealth        | 1 |  1.2

Action                   |  1- 3 |  4- 6 || total
-------------------------+-------+-------++-------
Melee: Hand axe          |    83 |    90 ||   173
       Headbutt          |    20 |    15 ||    35
  Use: Scroll            |     1 |     1 ||     2
       Potion            |       |     7 ||     7
 Stab: Sleeping          |     1 |     1 ||     2
  Eat: Chunk             |     1 |     4 ||     5
       Ration            |       |     1 ||     1
Armor: Animal skin       |     8 |     6 ||    14
       Ring mail         |       |     5 ||     5
Dodge: Dodged            |    55 |    59 ||   114
